 Dungeon Crawl Stone Soup version 0.17-a0-1731-g129c023 (webtiles) character file.

21819 Raurakos the Severer (level 12, -4/110 HPs)
             Began as a Hill Orc Gladiator on Aug 29, 2015.
             Was a High Priest of Okawaru.
             Slain by a komodo dragon (17 damage)
             ... on level 3 of the Lair of Beasts.
             The game lasted 01:00:57 (16967 turns).

Raurakos the Severer (Hill Orc Gladiator)          Turns: 16967, Time: 01:00:57

Health: -4/110     AC: 24    Str: 14    XL:     12   Next: 94%
Magic:  0/13       EV: 15    Int: 13    God:    Okawaru [*****.]
Gold:   906        SH:  0    Dex: 15    Spells: 0 memorised, 11 levels left

rFire  + + +     SeeInvis .     a - +4 battleaxe
rCold  + . .     Clarity  .     I - +3 ring mail {rF+}
rNeg   . . .     SustAt   .     (no shield)
rPois  .         Gourm    .     c - +0 helmet
rElec  .         Spirit   +     o - +2 cloak
rCorr  .         Warding  .     y - +1 pair of gloves
rMut   .         Stasis   .     O - +3 pair of boots of Entemu {rF+++ MR+ Str-5 Int+2}
MR     +....                    k - amulet of guardian spirit
Stlth  ++........               s - +3 ring of intelligence
                                g - ring of protection from cold

@: heroism, somewhat resistant to hostile enchantments, unstealthy
A: no striking features
a: Heroism, Finesse, Renounce Religion


You were on level 3 of the Lair of Beasts.
You worshipped Okawaru.
Okawaru was extremely pleased with you.
You were very hungry.

You visited 4 branches of the dungeon, and saw 16 of its levels.

You collected 906 gold pieces.

Inventory:

Hand weapons
 a - a +4 battleaxe (weapon)
 b - a +0 blowgun
 F - a +0 flail
Missiles
 e - 3 throwing nets (quivered)
 f - 64 poisoned needles
 t - 6 steel javelins
Armour
 c - a +0 helmet (worn)
 o - a +2 cloak (worn)
 x - a cursed +0 plate armour
 y - a +1 pair of gloves (worn)
 I - a +3 ring mail of fire resistance (worn)
 O - the +3 pair of boots of Entemu (worn) {rF+++ MR+ Str-5 Int+2}
   (Okawaru gifted it to you on level 11 of the Dungeon)

   It affects your strength (-5).
   It affects your intelligence (+2).
   It renders you almost immune to fire.
   It affects your resistance to hostile enchantments.
Jewellery
 g - a ring of protection from cold (left hand)
 k - an amulet of guardian spirit (around neck)
 r - an uncursed ring of fire
 s - a +3 ring of intelligence (right hand)
 w - an uncursed amulet of clarity
 A - the amulet "Kaphovuv" {rCorr SInv}
   (You found it on level 5 of the Dungeon)

   [amulet of resist corrosion]

   It protects you from acid and corrosion.
   It lets you see invisible.
 E - an uncursed amulet of rage
Magical devices
 j - a wand of confusion (15)
 v - a wand of polymorph (7)
 G - a wand of lightning (1)
 N - a wand of cold (6)
Scrolls
 i - a scroll of recharging
 l - a scroll of noise {unknown}
 m - a scroll of fog {unknown}
 n - 4 scrolls of teleportation
 p - a scroll of remove curse
 q - 2 scrolls of enchant weapon
 B - a scroll of random uselessness {unknown}
 D - a scroll of magic mapping
 L - a scroll of immolation {unknown}
 M - 2 scrolls of acquirement {unknown}
 Q - a scroll of blinking {unknown}
 R - a scroll of silence {unknown}
Potions
 h - 4 potions of heal wounds
 u - a potion of invisibility
 z - 3 potions of curing
 H - a potion of agility
 J - 2 potions of berserk rage
 K - a potion of might {unknown}
 T - a potion of mutation {unknown}
 U - a potion of beneficial mutation {unknown}
 V - a potion of cancellation {unknown}
Books
 S - a book of Burglary

   Spells                             Type                      Level
   a - Swiftness                      Charms/Air                   2
   b - Passwall                       Transmutation/Earth          3
   c - Passage of Golubria            Translocation                4
   d - Lee's Rapid Deconstruction     Earth                        5
   e - Darkness                       Hexes                        6
   f - Invisibility                   Hexes                        6
Comestibles
 d - 10 bread rations
 C - a meat ration
 P - 2 beef jerkies


   Skills:
 + Level 11.1(16.1) Fighting
 - Level 20.0(25.0) Axes
 - Level 2.0(7.0) Throwing
 - Level 10.0(15.0) Armour
 - Level 2.4(7.4) Dodging
 - Level 2.0 Invocations


You had 11 spell levels left.
You didn't know any spells.

Dungeon Overview and Level Annotations

Branches:
Dungeon (11/15)            Temple (1/1) D:5            Lair (3/8) D:11
    Orc (1/4) D:10
  Swamp: Lair:3-6    Shoals: Lair:3-6     Snake: Lair:3-6    Spider: Lair:3-6

Altars:
Ashenzari
Cheibriados
Dithmenos
Elyvilon
Fedhas
Gozag
Kikubaaqudgha
Makhleb
Nemelex Xobeh
Okawaru
Qazlal
Ru
Sif Muna
Trog
Vehumet
Xom
Yredelemnul
Zin
The Shining One

Portals:
Labyrinth: Lair:3

Annotations:
D:6 Prince Ribbit
Lair:3 Uberwunderbarhen's ghost, powerful OpFi


Message History

The komodo dragon hisses menacingly.
The komodo dragon bites you.
You barely miss the komodo dragon.
The komodo dragon is moderately wounded.
You hit the fungus.
The fungus is almost destroyed.
You hit the komodo dragon.
The komodo dragon is heavily wounded.
You slash the fungus!
You destroy the fungus!
The komodo dragon bites you!!
* * * LOW HITPOINT WARNING * * *
You hit the komodo dragon but do no damage.
The komodo dragon is heavily wounded.
The komodo dragon bites you!
* * * LOW HITPOINT WARNING * * *
Use which ability? (? or * to list)
You gain the combat prowess of a mighty hero.
You feel slightly more hungry. The komodo dragon bites you!!
You die...

,******,* #...[....##...,.**
,,*,,,,** ##........,,....**
,,,,,,,* ##.........,,...*,
,*,,,,,* #...........,,..,,
*,,,,,** #####......##...,,,.,*
,,,**** #..........#....,,,,**
,,,,,* ##...........P..,,,,,*
..,,.##*####..............,,,,***
..##..##.##.....@..#......,,,,**,
r#.#....##.....l.....###.,,,,,,,,
.>.............##.....P#,**,*,,,,
........##.....*#...$...#******,,
.........#....#*#........#** **,
.S.l..........,*#.#.#...#..******
..<.P........,,,...........,,,,,,
...P....#....,*.....####.##***,**
.....####,,,,*##.....* *## **,**


You could see a komodo dragon.

Vanquished Creatures
  A centaur warrior (D:11)
  Pikel (D:5)
  2 hill giants
  3 black mambas
  Joseph (D:8)
  A gargoyle (D:11)
  2 spiny frogs (Lair:1)
  2 komodo dragons
  2 kobold demonologists (D:11)
  A fire drake (Lair:2)
  4 trolls
  Grinder (D:5)
  3 two-headed ogres
  9 blink frogs
  A wraith (D:10)
  A spriggan (D:7)
  A basilisk (Lair:2)
  A deep elf fighter (D:11)
  Eustachio (D:4)
  15 yaks
  4 hippogriffs
  2 hungry ghosts (D:10)
  Menkaure (D:5)
  A warg (Orc:1)
  Edmund (D:6)
  A soldier ant (D:9)
  4 porcupines
  7 water moccasins
  2 necrophages
  3 orc warriors
  4 slaves
  12 centaurs
  A black bear (D:9)
  3 phantoms
  7 ogres
  5 ice beasts
  4 sky beasts
  A crocodile (Lair:1)
  2 big kobolds
  Blork the orc (D:6)
  17 giant frogs
  5 scorpions
  9 killer bees
  15 wights
  3 crimson imps
  7 hounds
  A centaur skeleton (D:6)
  3 giant frog zombies
  9 orc wizards
  A giant frog skeleton (D:10)
  10 orc priests
  2 jellies
  A quasit (D:9)
  9 worker ants
  4 iguanas
  8 sheep (Lair:1)
  A killer bee zombie (D:9)
  6 ogre zombies (D:10)
  A hound skeleton (D:6)
  A worker ant zombie (D:8)
  Robin (D:4)
  10 gnolls
  7 river rats
  11 adders
  A shadow imp (D:11)
  An ooze (D:1)
  5 adder skeletons
  3 worms
  5 giant geckos
  31 orcs
  14 bats
  4 giant cockroaches
  4 hobgoblins
  6 jackals
  13 kobolds
  2 quokkas
  4 ball pythons
  6 giant newts
  14 goblins
  2 goblin skeletons (D:10)
  3 hobgoblin skeletons (D:10)
  6 hobgoblin zombies (D:10)
  2 jackal skeletons
  A jackal zombie (D:5)
  An orc skeleton (D:10)
  7 orc zombies (D:10)
  2 quokka skeletons (D:4)
  A quokka zombie (D:7)
  20 rats
  4 fungi
423 creatures vanquished.

Vanquished Creatures (others)
  2 fungi (D:11)
  A plant (D:11)
3 creatures vanquished.

Grand Total: 426 creatures vanquished

Notes
Turn   | Place    | Note
--------------------------------------------------------------
     0 | D:1      | Raurakos the Hill Orc Gladiator began the quest for the Orb.
     0 | D:1      | Reached XP level 1. HP: 18/18 MP: 1/1
    44 | D:1      | Reached XP level 2. HP: 18/25 MP: 2/2
   369 | D:1      | Reached skill level 5 in Axes
   842 | D:1      | Reached XP level 3. HP: 21/30 MP: 3/3
  1623 | D:2      | Reached skill level 6 in Axes
  1809 | D:2      | Reached XP level 4. HP: 30/37 MP: 4/4
  2546 | D:3      | Found a basalt altar of Yredelemnul.
  2547 | D:3      | Found an ancient bone altar of Kikubaaqudgha.
  2547 | D:3      | Found a glowing silver altar of Zin.
  2791 | D:3      | Reached skill level 7 in Axes
  2791 | D:3      | Reached XP level 5. HP: 28/42 MP: 3/5
  2888 | D:4      | Noticed Robin
  2919 | D:4      | Killed Robin
  3059 | D:4      | Reached skill level 8 in Axes
  3234 | D:4      | Reached XP level 6. HP: 46/50 MP: 6/6
  3247 | D:4      | Noticed Eustachio
  3445 | D:4      | Reached skill level 9 in Axes
  4283 | D:5      | Entered Level 5 of the Dungeon
  4360 | D:5      | Reached skill level 10 in Axes
  4360 | D:5      | Reached XP level 7. HP: 54/56 MP: 5/7
  4381 | D:5      | Noticed Menkaure
  4468 | D:5      | Got a faintly glowing bronze amulet
  4620 | D:5      | Noticed Grinder
  4639 | D:5      | Noticed Pikel
  4650 | D:5      | Paralysed by Grinder for 4 turns
  4659 | D:5      | Paralysed by Grinder for 7 turns
  4812 | D:4      | Identified the amulet "Kaphovuv" {rCorr SInv} (You found it on level 5 of the Dungeon)
  5251 | D:4      | Reached skill level 5 in Fighting
  5268 | D:5      | Reached skill level 1 in Armour
  5534 | D:5      | Found a staircase to the Ecumenical Temple.
  5545 | Temple   | Entered the Ecumenical Temple
  5624 | Temple   | Became a worshipper of Warmaster Okawaru
  5909 | D:6      | Reached XP level 8. HP: 61/68 MP: 6/8
  5970 | D:6      | Found an opulent altar of Gozag.
  6010 | D:6      | Noticed Blork the orc
  6019 | D:6      | Killed Blork the orc
  6019 | D:6      | Reached skill level 5 in Armour
  6064 | D:6      | Noticed Prince Ribbit
  6170 | D:6      | Acquired Okawaru's first power
  6170 | D:6      | Reached skill level 11 in Axes
  6432 | D:6      | Found a stormy altar of Qazlal.
  6445 | D:6      | Found a white marble altar of Elyvilon.
  6449 | D:6      | Found a snail-covered altar of Cheibriados.
  6600 | D:6      | Reached skill level 12 in Axes
  6774 | D:6      | Noticed Edmund
  6789 | D:6      | Killed Edmund
  6789 | D:6      | Reached XP level 9. HP: 68/74 MP: 7/9
  7284 | D:7      | Reached skill level 13 in Axes
  7397 | D:5      | Paralysed by Grinder for 6 turns
  7412 | D:5      | Killed Grinder
  7439 | D:5      | Killed Menkaure
  7709 | D:4      | Killed Eustachio
  7709 | D:4      | Reached skill level 14 in Axes
  7889 | D:5      | Found a sparkling altar of Nemelex Xobeh.
  8036 | D:5      | Killed Pikel
  8097 | D:7      | Reached skill level 15 in Axes
  8116 | D:7      | Reached XP level 10. HP: 58/81 MP: 5/10
  8248 | D:7      | Reached skill level 16 in Axes
  8827 | D:8      | Noticed Joseph
  9224 | D:8      | Killed Joseph
  9769 | D:9      | Noticed a four-headed hydra
  9770 | D:9      | Noticed a yaktaur captain
 10185 | D:9      | Reached skill level 10 in Fighting
 10557 | D:9      | Reached XP level 11. HP: 66/99 MP: 7/12
 11451 | D:9      | Noticed a hill giant
 11468 | D:9      | Killed a hill giant
 11546 | D:10     | Entered Level 10 of the Dungeon
 11725 | D:10     | Found a staircase to the Orcish Mines.
 12030 | D:10     | Reached skill level 17 in Axes
 12036 | D:10     | Acquired Okawaru's second power
 12250 | D:10     | Found a shadowy altar of Dithmenos.
 12398 | D:10     | Noticed a hill giant
 12408 | D:10     | Killed a hill giant
 12670 | D:11     | Received a gift from Okawaru
 12671 | D:11     | Got a pair of bloodstained boots {god gift}
 12690 | D:10     | Identified the +3 pair of boots of Entemu {rF+++ MR+ Str-5 Int+2} (Okawaru gifted it to you on level 11 of the Dungeon)
 12890 | D:11     | Reached skill level 18 in Axes
 13110 | D:11     | Noticed a five-headed hydra
 13228 | Orc:1    | Entered Level 1 of the Orcish Mines
 13600 | D:11     | Found a staircase to the Lair.
 13706 | D:11     | Noticed a centaur warrior
 13715 | D:11     | Killed a centaur warrior
 13715 | D:11     | Reached XP level 12. HP: 82/106 MP: 8/13
 13853 | D:11     | Reached skill level 19 in Axes
 14005 | Lair:1   | Entered Level 1 of the Lair of Beasts
 14817 | Lair:1   | Reached skill level 20 in Axes
 15299 | Lair:1   | You fall through a shaft!
 15616 | Lair:1   | Received a gift from Okawaru
 16548 | Lair:2   | Reached skill level 10 in Armour
 16712 | Lair:3   | Noticed Uberwunderbarhen's ghost (powerful OpFi)
 16942 | Lair:3   | Found a labyrinth entrance.
 16967 | Lair:3   | Slain by a komodo dragon

Vault maps used:
D:1:      minmay_arrival_semitransparent
D:2:      first_bread, kennysheep_generic_room_2
D:3:      gammafunk_temple_overflow_claw
D:4:      minmay_misc_feat_encased, uniq_eustachio, uniq_robin
D:5:      nemelex_altar_shiori, minmay_temple_entry_glassed_door, uniq_pikel,
          uniq_menkaure, uniq_grinder
D:6:      minmay_overflow_temple_star_quad, portal_sewer_entry_d, basic_altar,
          hangedman_glass_teeth, uniq_edmund, uniq_prince_ribbit1,
          uniq_blork_the_orc
D:7:      the_bakery, dk_noncrumbling_2
D:8:      nicolae_whirlpool, uniq_joseph
D:9:      minmay_diamond_stairs
D:10:     zombieorc1_lemuel, grunt_dithmenos_smoke
D:11:     grunt_lair_entry_elf_guard_hut, grunt_ministairs_11
Temple:   circular_temple_12
Lair:3:   lemuel_ratsnest, lab_entry_generic, wad_woods_antlair
Orc:1:    serial_shops, nicolae_shop_crystal

Action                   |  1- 3 |  4- 6 |  7- 9 | 10-12 || total
-------------------------+-------+-------+-------+-------++-------
Melee: War axe           |   108 |   155 |   408 |   338 ||  1009
       Battleaxe         |       |       |       |   634 ||   634
 Fire: Blowgun           |       |       |       |     2 ||     2
Throw: Stone             |    12 |    15 |    19 |     4 ||    50
Invok: Heroism           |       |       |     6 |     9 ||    15
       Finesse           |       |       |       |     2 ||     2
  Use: Scroll            |     2 |       |     2 |    11 ||    15
       Potion            |       |       |       |     2 ||     2
 Stab: Sleeping          |     1 |       |       |       ||     1
       Distracted        |       |       |     1 |       ||     1
  Eat: Chunk             |     3 |     8 |    12 |    28 ||    51
       Pizza             |       |       |       |     2 ||     2
